 Dungeon Crawl Stone Soup version 0.27.1-4-g1640c2035a (webtiles) character file.

Game seed: 10878036291368956282

76 BOMJPIETVODKU the Firebug (level 4, -1/35 HPs)
             Began as a Draconian Fire Elementalist on Nov 2, 2021.
             Killed by divine providence
             ... invoked by an orc priest
              (9 damage)
             ... on level 3 of the Dungeon.
             The game lasted 00:06:07 (2426 turns).

BOMJPIETVODKU the Firebug (DrFE)                    Turns: 2426, Time: 00:06:08

Health: -1/35      AC:  5    Str: 11    XL:     4   Next: 12%
Magic:  3/8        EV: 12    Int: 16    God:
Gold:   73         SH:  0    Dex: 11    Spells: 8/9 levels left

rFire    . . .     SeeInvis .   a - staff of conjuration
rCold    . . .     Faith    .   (no shield)
rNeg     . . .     Spirit   .   (armour unavailable)
rPois    .         Reflect  .   (helmet restricted)
rElec    .         Harm     .   (no cloak)
rCorr    .         Rampage  .   (no gloves)
Will     +....                  (no boots)
Stlth    ++........             (no amulet)
HPRegen  0.11/turn              h - ring of willpower
MPRegen  0.11/turn              (no ring)

@: no status effects
A: AC +5, unfitting armour, cold-blooded
a: no special abilities


You were on level 3 of the Dungeon.
You visited 1 branch of the dungeon, and saw 3 of its levels.

You collected 73 gold pieces.

Inventory:

Magical Staves
 a - a staff of conjuration (weapon)
Jewellery
 h - a ring of willpower (left hand)
Scrolls
 c - a scroll of identify
 e - a scroll of fear
Potions
 b - a potion of might {unknown}
 d - a potion of heal wounds
 f - 2 potions of lignification {unknown}
 g - a potion of resistance


   Skills:
 * Level 1.6 Fighting
 - Level 1.8 Dodging
 - Level 1.8 Stealth
 * Level 3.0 Spellcasting
 + Level 1.4 Conjurations
 + Level 3.5 Fire Magic


You had 8 spell levels left.
You knew the following spells:

 Your Spells              Type           Power      Damage    Failure   Level
a - Foxfire               Conj/Fire      60%        2x1d7     7%          1

Your spell library contained the following spells:

 Spells                   Type           Power      Damage    Failure   Level
 Shock                    Conj/Air       28%        1d4       14%         1
 Conjure Flame            Conj/Fire      15%        6-21      21%         3
 Inner Flame              Hex/Fire       8%         N/A       26%         3
 Swiftness                Air            2%         N/A       50%         3
 Sticky Flame             Conj/Fire      15%        2d4       56%         4
 Airstrike                Air            1%         N/A       88%         4
 Fireball                 Conj/Fire      7%         3d5       88%         5


Dungeon Overview and Level Annotations

Branches:
Dungeon (3/15)

Altars:
Sif Muna


Innate Abilities, Weirdness & Mutations

Your plain brown scales are hard. (AC +5)
You cannot fit into any form of body armour.
You are cold-blooded and may be slowed by cold attacks.


Message History

You hit the orc priest but do no damage.
The orc priest barely misses you.
You barely miss the orc priest.
Your tail-slap misses the orc priest.
The orc priest hits you with a +0 flail.
The orc priest barely misses you.
You hit the orc priest but do no damage.
You tail-slap the orc priest, but do no damage.
The orc priest looks braver for a moment.
You feel a surge of power!
You conjure some foxfire!
The orc priest hits you with a +0 flail.
You are too depleted to draw on your mana recklessly!
You hit the orc priest but do no damage.
The foxfire hits the orc priest.
The orc priest is lightly wounded.
The foxfire hits the orc priest but does no damage.
The orc priest is lightly wounded.
The orc priest hits you but does no damage.
You hit the orc priest but do no damage.
The orc priest is lightly wounded.
The orc priest invokes the aid of Beogh against you.
Beogh smites you!
You barely miss the orc priest.
Your tail-slap misses the orc priest.
The orc priest is lightly wounded.
The orc priest barely misses you.
You hit the orc priest.
The orc priest is moderately wounded.
The orc priest barely misses you.
The orc priest hits you with a +0 flail.
There is an open door here.
The orc priest mumbles some strange prayers to Beogh against you.
You resist with some effort.
There is a stone staircase leading down here.
The orc priest miscasts a cantrip.
The orc priest begins to cast a cantrip, but forgets the words!
The orc priest calls down the wrath of Beogh upon you.
Beogh smites you!
* * * LOW HITPOINT WARNING * * *
The orc priest calls down the wrath of Beogh upon you.
Beogh smites you!
You die...

.###...........# #......
.....#+#.....#.#.#......
....†#+#.##### #........
..........# #.....)o.
####......# #...#####
#.....)# #...# #.'
#......#####.#...# #o#
#................# #.#
#....@##########.###>#
####.......o.........#
#######.##.########
#............
#.#.#########
#.#........ #.#########
#.# #.#


You could see an orc priest.

Vanquished Creatures
  An adder (D:2)
  A worm (D:2)
  3 dart slugs
  6 orcs (D:3)
  2 ball pythons
  5 endoplasms
  2 giant cockroaches (D:1)
  5 goblins
  3 hobgoblins
  A quokka (D:3)
  6 bats
  2 frilled lizards
  9 kobolds
  8 rats
54 creatures vanquished.

Vanquished Creatures (collateral kills)
  9 foxfires (D:2)
9 creatures vanquished.

Vanquished Creatures (others)
  188 foxfires
  13 plants (D:2)
201 creatures vanquished.

Grand Total: 264 creatures vanquished

Notes
Turn   | Place    | Note
-------+----------+-------------------------------------------
     0 | D:1      | BOMJPIETVODKU the Draconian Fire Elementalist began the
                  | quest for the Orb.
     0 | D:1      | Reached XP level 1. HP: 14/14 MP: 3/3
   336 | D:1      | Reached XP level 2. HP: 20/20 MP: 0/5
  1083 | D:2      | Reached skill level 1 in Fighting
  1083 | D:2      | Reached XP level 3. HP: 28/28 MP: 0/6
  1170 | D:2      | Found a shimmering blue altar of Sif Muna.
  2235 | D:3      | Reached XP level 4. HP: 35/35 MP: 5/8
  2426 | D:3      | Killed from afar by an orc priest

Illustrated notes

Levels and vault maps discovered:
D:1:      doesnt_arrival_eight_statues, layout_basic, chequers_arboretum
D:2:      layout_rooms, basic_altar, lexackson_kobold_supper
D:3:      layout_basic

Skill      XL: |  1  2  3 |
---------------+----------+-----
Fighting       | 1 |  1.6
Spellcasting   | 3 |  3.0
Dodging        | |  1.8
Stealth        | |  1.8
Conjurations   | |  1.4
Fire Magic     | |  3.5

Action                   |  1- 3 |  4- 6 || total
-------------------------+-------+-------++-------
Melee: Unarmed           |     9 |       ||     9
       Staff             |    31 |    17 ||    48
       Tailslap          |     3 |     1 ||     4
 Cast: Foxfire           |   100 |    15 ||   115
  Use: Scroll            |     5 |       ||     5
 Stab: Sleeping          |     2 |       ||     2
Armor: Skin              |    20 |     6 ||    26
Dodge: Dodged            |    32 |    10 ||    42
